AoeStats
← 學友哥哥

Four Lakes

510117332Analyzed
1v1 RM · 2d ago on Sep 29, 2026· 20m 47s· 2 players
Game mode
Random Map
Map size
Tiny (2 player)
Population
200
Speed
Normal
Resources
Standard
Victory
Conquest
Starting age
Dark Age
Ending age
Imperial Age
RankedLock teamsTeams togetherTeam positionsShared explorationLock speedFull tech treeHidden civsTurbo modeCheats
Victory
Defeat
🇹🇼 Mongols · Taiwan
1100
+16
🇫🇷 Hindustanis · France
1097
-16
Duboobz
5:05 Loom
11:59 Feudal Age
17:06 Double-Bit Axe
17:14 Gold Mining
20:01 Castle Age
學友哥哥
10:36 Feudal Age
11:31 Loom
15:59 Castle Age
13:47 Double-Bit Axe
15:31 Bloodlines
15:34 Stone Mining
20:35 Fletching
Connection lost

Rejoining the realm…

Still unreachable

The connection could not be restored.

Session expired

The server has moved on; the page needs a fresh start.